 Dungeon Crawl Stone Soup version 0.28.0-49-g6dfe1f597d (webtiles) character file.

Game seed: 3893417066268330124

6628 pkoi the Arsonist (level 10, -1/80 HPs)
             Began as a Demigod Fire Elementalist on May 17, 2022.
             Slain by a komodo dragon (30 damage)
             ... on level 1 of the Lair of Beasts on May 18, 2022.
             The game lasted 00:21:00 (15008 turns).

pkoi the Arsonist (Demigod Fire Elementalist)      Turns: 15008, Time: 00:21:01

Health: -1/80      AC:  4    Str:  9    XL:     10   Next: 44%
Magic:  7/20       EV: 13    Int: 31    God:
Gold:   462        SH:  0    Dex: 14    Spells: 9/18 levels left

rFire   + . .      SeeInvis .   J - +7 dagger "Sustru" {flame, Will+}
rCold   + . .      Faith    .   (no shield)
rNeg    + . .      Spirit   .   z - +1 leather armour {rC+}
rPois   .          Reflect  .   (no helmet)
rElec   .          Harm     .   x - scarf {repulsion}
rCorr   .          Rampage  .   (no gloves)
Will    ++...                   (no boots)
Stlth   ++........              (no amulet)
HPRegen 0.23/turn               h - ring of the Equinox {Fire *Corrode +Blink rN+ Int+2}
MPRegen 0.17/turn               k - ring of protection from cold

@: repel missiles
A: high MP 1, forlorn, divine attributes
a: Evoke Blink


You were on level 1 of the Lair of Beasts.
You visited 2 branches of the dungeon, and saw 9 of its levels.
You also visited: Sewer.

You collected 462 gold pieces.

Inventory:

Hand Weapons
 d - a +0 dagger
 o - a +2 dagger of electrocution
 p - a +1 whip of draining
 u - a +1 spear of venom
 J - the +7 dagger "Sustru" (weapon) {flame, Will+}
   (You found it on level 8 of the Dungeon)

   It burns those it strikes, dealing additional fire damage.
   Will:      It increases your willpower.
Missiles
 c - 6 boomerangs
 e - 17 poisoned darts
 D - 2 curare-tipped darts
Armour
 a - a +1 robe
 r - a +0 cloak
 x - a scarf of repulsion (worn)
 z - a +1 leather armour of cold resistance (worn)
Jewellery
 h - the ring of the Equinox (left hand) {Fire *Corrode +Blink rN+ Int+2}
   (You found it on level 2 of the Dungeon)

   [ring of fire]

   It enhances your fire magic.
   Int:       It affects your intelligence (+2).
   rF:        It protects you from fire.
   rC:        It makes you vulnerable to cold.
   rN:        It protects you from negative energy.
   +Blink:    It lets you blink.
   *Corrode:  It may corrode you when you take damage.
 k - a ring of protection from cold (right hand)
 q - a +6 ring of intelligence
 v - a ring of wizardry
 y - a ring of protection from fire
 F - a ring of poison resistance
Wands
 s - a wand of iceblast (6)
 A - a wand of paralysis (6)
 G - a wand of polymorph (13)
 I - a wand of flame (28)
 K - a wand of digging (1)
Scrolls
 B - 3 scrolls of teleportation
 C - a scroll of fear
 E - 2 scrolls of magic mapping
 H - a scroll of silence {unknown}
 L - a scroll of identify
 M - a scroll of fog
 N - a scroll of enchant weapon
 O - a scroll of amnesia {unknown}
Potions
 b - 2 potions of lignification
 f - 2 potions of cancellation
 g - 4 potions of magic
 i - 2 potions of curing
 j - 6 potions of heal wounds
 l - a potion of flight
 m - 4 potions of berserk rage
 n - a potion of resistance
 t - a potion of haste
 w - a potion of brilliance


   Skills:
 + Level 4.5 Fighting
 - Level 4.0 Armour
 + Level 4.9 Dodging
 - Level 1.7 Stealth
 + Level 4.7 Spellcasting
 * Level 7.7 Conjurations
 + Level 4.4 Hexes
 * Level 8.2 Fire Magic


You had 9 spell levels left.
You knew the following spells:

 Your Spells              Type           Power      Damage    Failure   Level
a - Foxfire               Conj/Fire      100%       2x1d9     1%          1
b - Scorch                Fire           100%       2d10      1%          2
c - Conjure Flame         Conj/Fire      71%        6-21      1%          3
d - Inner Flame           Hex/Fire       63%        N/A       1%          3

Your spell library contained the following spells:

 Spells                   Type           Power      Damage    Failure   Level
 Shock                    Conj/Air       100%       1d9       1%          1
 Slow                     Hex            100%       N/A       1%          1
 Static Discharge         Conj/Air       31%        N/A       2%          2
 Flame Wave               Conj/Fire      71%        2d13      2%          4
 Sticky Flame             Conj/Fire      71%        2d8       2%          4
 Confusing Touch          Hex            34%        N/A       3%          3
 Swiftness                Air            7%         N/A       22%         3
 Vampiric Draining        Necr           7%         2d6       22%         3
 Airstrike                Air            3%         N/A       58%         4
 Dispel Undead            Necr           7%         3d8       58%         4
 Chain Lightning          Conj/Air       15%        3d20      100%        9
 Fire Storm               Conj/Fire      35%        8d9       100%        9
 Shatter                  Erth           3%         3d7*      100%        9


Dungeon Overview and Level Annotations

Branches:
Dungeon (8/15)             Temple (0/1) D:4            Lair (1/6) D:8
  Sewer (visited)


Innate Abilities, Weirdness & Mutations

You have an increased reservoir of magic. (+10% MP)
You shall have no god before yourself.
Your divine heritage dramatically boosts your attributes as you level up.


Message History

Casting: Scorch (safe; 1% risk of failure)
Confirm with . or Enter, or press ? or * to list all spells.
You feel a surge of power!
Flames lash the komodo dragon.
The komodo dragon is moderately wounded.
The komodo dragon's fire resistance burns away.
The wolf closely misses you. The wolf bites you!
Unknown command.
Casting: Scorch (safe; 1% risk of failure)
Confirm with . or Enter, or press ? or * to list all spells.
You feel a surge of power!
Flames lash the komodo dragon.
The komodo dragon is burned terribly!
The komodo dragon is heavily wounded.
The wolf bites you.
Unknown command.
Casting: Scorch (safe; 1% risk of failure)
Confirm with . or Enter, or press ? or * to list all spells.
You feel a surge of power!
Flames lash the wolf.
The wolf is burned terribly!
The wolf is severely wounded.
The wolf bites you!
* * * LOW HITPOINT WARNING * * *
The wolf misses you.
Casting: Scorch (safe; 1% risk of failure)
Confirm with . or Enter, or press ? or * to list all spells.
You feel a surge of power!
Flames lash the wolf.
The wolf is burned terribly!
You kill the wolf!
Unknown command.
Casting: Scorch (safe; 1% risk of failure)
Confirm with . or Enter, or press ? or * to list all spells.
You feel a surge of power!
Flames lash the komodo dragon.
The komodo dragon is burned terribly!
The komodo dragon is severely wounded.
The komodo dragon bites you!!
* * * LOW HITPOINT WARNING * * *
Casting: Scorch (safe; 1% risk of failure)
Confirm with . or Enter, or press ? or * to list all spells.
You feel a surge of power!
Flames lash the komodo dragon.
The komodo dragon is burned terribly!
The komodo dragon is almost dead.
The komodo dragon bites you!!
You die...

#P...#.†##.##
##....#..##.########
#....##..#.........
##....#.##............
#...####.#..........#
#...# .##...........##
###..## ..#....#.###...#
##....###l##..P.#......#.
#..#....@.......#........
##.#.....##.....#........
#......###.#......#+#..#
##.#....# #...###.....###
#.......##..... #.....##.
##.#....#.............#..
#............[##.(8..#..
#.#[....##..8...........
#.#......#.. ........#..


You could see a komodo dragon (combustible).

Vanquished Creatures
  A cane toad (Lair:1)
  4 komodo dragons (Lair:1)
  A rime drake (Lair:1)
  A hornet (D:5)
  A polar bear (Lair:1)
  5 blink frogs (Lair:1)
  A vampire (D:6)
  A basilisk (Lair:1)
  Menkaure (D:6)
  3 water moccasins
  An ice beast (D:4)
  A hornet zombie (D:5)
  2 black bears
  2 sky beasts
  3 centaurs
  An ogre (D:5)
  2 wolves (Lair:1)
  A phantom (D:4)
  5 bullfrogs
  A gnoll sergeant (D:5)
  A wyvern zombie (D:8)
  5 scorpions
  2 wyvern skeletons
  4 wights (D:6)
  4 howler monkeys
  A centaur zombie (D:8)
  2 jellies
  2 bullfrog skeletons
  5 orc priests
  A centaur skeleton (D:7)
  A gnoll shaman (D:8)
  A hound (D:5)
  2 iguanas (D:5)
  2 orc wizards
  A killer bee zombie (D:5)
  A howler monkey zombie (D:8)
  8 adders
  9 gnolls
  A shadow imp (D:6)
  2 white imps
  2 ufetubi
  3 worms
  11 orcs
  5 ball pythons
  9 bats
  7 endoplasms
  2 giant cockroaches
  6 goblins
  5 hobgoblins
  11 jackals
  A quokka (D:1)
  4 frilled lizards
  20 kobolds
  4 rats
183 creatures vanquished.

Vanquished Creatures (collateral kills)
  2 gnolls (D:4)
  A dart slug (D:4)
  13 foxfires
16 creatures vanquished.

Vanquished Creatures (others)
  513 foxfires
  4 plants
517 creatures vanquished.

Grand Total: 716 creatures vanquished

Notes
Turn   | Place    | Note
-------+----------+-------------------------------------------
     0 | D:1      | pkoi the Demigod Fire Elementalist began the quest for the
                  | Orb.
     0 | D:1      | Reached XP level 1. HP: 14/14 MP: 5/5
     7 | D:1      | Reached skill level 1 in Conjurations
   579 | D:1      | Reached XP level 2. HP: 20/20 MP: 5/7
   608 | D:1      | Reached skill level 3 in Fire Magic
  1120 | D:1      | Learned a level 2 spell: Scorch
  1835 | D:2      | Identified the ring of the Equinox {Fire *Corrode +Blink
                  | rN+ Int+2}
  1947 | D:2      | Reached XP level 3. HP: 26/26 MP: 1/8
  3152 | D:3      | Learned a level 3 spell: Conjure Flame
  3300 | D:3      | Reached XP level 4. HP: 19/33 MP: 0/10
  3790 | D:3      | Found a glowing drain.
  3800 | Sewer    | Entered a sewer
  5582 | D:4      | Reached skill level 4 in Fire Magic
  5582 | D:4      | Reached XP level 5. HP: 38/38 MP: 6/11
  5725 | D:4      | Learned a level 3 spell: Inner Flame
  5855 | D:4      | Found a staircase to the Ecumenical Temple.
  6895 | D:4      | Noticed an ice beast
  6906 | D:4      | Killed an ice beast
  6907 | D:4      | Reached XP level 6. HP: 45/45 MP: 4/13
  7229 | D:5      | Entered Level 5 of the Dungeon
  7289 | D:5      | Reached skill level 5 in Fire Magic
  7344 | D:5      | Reached XP level 7. HP: 51/51 MP: 3/15
  7513 | D:5      | Reached skill level 1 in Fighting
  7513 | D:5      | Reached skill level 1 in Armour
  7513 | D:5      | Reached skill level 1 in Hexes
  8453 | D:5      | Noticed a hornet
  8455 | D:5      | Paralysed by a hornet for 3 turns
  8458 | D:5      | Killed a hornet
  8459 | D:5      | Reached XP level 8. HP: 16/61 MP: 10/16
  8589 | D:4      | Reached skill level 5 in Conjurations
  9078 | D:5      | Reached skill level 6 in Fire Magic
 10409 | D:6      | Noticed Menkaure
 10414 | D:6      | Killed Menkaure
 10415 | D:6      | Reached XP level 9. HP: 68/68 MP: 9/18
 11058 | D:7      | Reached skill level 7 in Fire Magic
 11661 | D:7      | Found the +2 ratskin cloak {*Rats rPois rN+ Str-1 Int-1
                  | Dex+1}
 12001 | D:8      | Found a staircase to the Lair.
 12612 | D:8      | Identified the +7 dagger "Sustru" {flame, Will+}
 13145 | Lair:1   | Entered Level 1 of the Lair of Beasts
 13176 | Lair:1   | Noticed a cane toad
 13184 | Lair:1   | Killed a cane toad
 13187 | Lair:1   | Noticed a komodo dragon
 13214 | Lair:1   | Killed a komodo dragon
 13785 | Lair:1   | Noticed a rime drake
 13792 | Lair:1   | Killed a rime drake
 14111 | Lair:1   | Reached XP level 10. HP: 78/78 MP: 12/20
 14362 | Lair:1   | Reached skill level 8 in Fire Magic
 15008 | Lair:1   | Slain by a komodo dragon

Illustrated notes

Levels and vault maps discovered:
D:1:      dpeg_chamrin_arrival_tetris, layout_loops_ring,
          shapermc_ecumenical_altar_acropolis, feat_on_display
D:2:      layout_basic
D:3:      layout_loops_ring, portal_sewer_entry_e, kennysheep_crisscross
D:4:      layout_basic, okawaru_metal_pillars_1_2, zin_scriptorium,
          minmay_temple_entry_slanted, amcnicky_mini_corridor_feature
D:5:      layout_rooms, jmf_multi_god_temple
D:6:      layout_basic, mainiacjoe_overflow_surrounded_room, uniq_menkaure
D:7:      layout_basic, kennysheep_mini_moat
D:8:      layout_loops_ring, lemuel_round_altar, lair_entry_dummy
Lair:1:   layout_chaotic_city, serial_bayou_pond_d, beast_lair_carwin_10,
          grunt_megastairs_3

Skill      XL: |  1  2  3  4  5  6  7  8  9 10 |
---------------+-------------------------------+-----
Conjurations   | 1 2 3 4 6 7 |  7.7
Fire Magic     | 3 4 5 6 7 8 |  8.2
Spellcasting   | 2 3 4 |  4.7
Dodging        | 2 3 4 |  4.9
Fighting       | 1 2 4 |  4.5
Armour         | 1 2 3 4 |  4.0
Hexes          | 1 2 3 4 |  4.4
Stealth        | |  1.7

Action                   |  1- 3 |  4- 6 |  7- 9 | 10-12 || total
-------------------------+-------+-------+-------+-------++-------
Melee: Dagger            |    19 |     7 |    10 |       ||    36
       Punch             |     1 |       |       |       ||     1
 Cast: Foxfire           |    99 |    71 |   118 |    21 ||   309
       Scorch            |     3 |    29 |    55 |    17 ||   104
       Inner Flame       |       |       |    19 |    10 ||    29
Evoke: Wand              |       |       |     1 |       ||     1
  Use: Scroll            |       |    12 |     8 |       ||    20
Armor: Robe              |     4 |     8 |    11 |       ||    23
       Leather armour    |       |       |     5 |     1 ||     6
Dodge: Dodged            |    33 |    39 |    41 |     5 ||   118
